[Event "Israel Open Championship 2023"]
[Site "Acre"]
[Date "2024.01.28"]
[Round "8.12"]
[White "Iliaguev, Daniel"]
[Black "Zemach, Nadav"]
[Result "0-1"]
[ECO "D45"]
[WhiteElo "2153"]
[BlackElo "2384"]
[Annotator "TA"]
[PlyCount "82"]
[EventDate "2024.01.18"]
[EventType "swiss"]
[EventCountry "ISR"]
[SourceTitle "playchess.com"]
[Source "ChessBase"]
[SourceQuality "1"]
[TimeControl "5400+30"]

1. e3 d5 2. c4 c6 3. Nf3 Nf6 4. Nc3 e6 5. d4 Nbd7 6. Qb3 a5 7. a3 Bd6 8. Be2 O-O {[%emt 0:00:33] The position is equal.} 9. O-O Qe7 10. Rd1 dxc4 11. Qxc4 e5 12. dxe5 Nxe5 13. Nxe5 Bxe5 14. Bd2 Be6 15. Qh4 Bb3 16. Rdc1 Rfd8 17. Be1 b5 {[%emt 0:03:57] Black is more active.} 18. f4 (18. Bf3 $15) 18... Bd6 $17 19. Bf3 Qxe3+ 20. Bf2 Qxf4 {[%emt 0:00:16] Strongly threatening ...b4.} 21. Bxc6 Rac8 22. Nxb5 Qxh4 (22... Ng4 {looks sharper.} 23. Nxd6 Rxd6 24. Bg3 Qd4+) 23. Bxh4 Be5 24. Bf3 Rb8 (24... Rxc1+ 25. Rxc1 a4 (25... Bxb2 26. Rb1 $11) 26. Nc3 $11) (24... Bxb2 $17 25. Rxc8 Rxc8) 25. Rc5 $15 Bf4 26. Bf2 {[%emt 0:00:10] Wards off Be3} Nd7 27. Rf5 Be5 28. Na7 ({Better is} 28. Nd4 $1 $15 g6 29. Rg5) 28... Be6 $19 29. Rh5 (29. Rg5 $142 h6 (29... Rxb2 30. Nc6 $11) (29... Bxb2 30. Rf1 $17) 30. Rh5) 29... Bxb2 ({Weaker is} 29... Rxb2 30. Nc6 Rdb8 31. Nxb8 (31. Nxe5 $2 Rb1+ 32. Rxb1 Rxb1+ $19) 31... Rxb8 32. Rd1 $16) (29... g6 $1 $19 30. Rh4 Bxb2 (30... Rxb2 31. Nc6 $17)) 30. Re1 (30. Rf1 $17 Ne5 (30... Bxa3 31. Nc6 $11) 31. Rxe5 Bxe5 32. Nc6) 30... g6 $36 {[%emt 0:00:51][%mdl 2048] Black is in control.} (30... Bxa3 31. Nc6 $11) 31. Rh4 (31. Rxa5 $17 {was called for.} Bc3 32. Nc6) 31... Ne5 $1 ({Inferior is} 31... Bxa3 32. Nc6 $11) 32. Nc6 Nxc6 33. Bxc6 Bxa3 34. Rhe4 Rbc8 35. Bb5 Rd2 36. Ba4 Bc5 37. Bxc5 Rxc5 38. Re5 Rxe5 39. Rxe5 Bd5 40. Rg5 Kg7 41. Kf1 f5 {[%emt 0:00:14] Weighted Error Value: White=0.35/Black=0.11 (very precise) .  Mistake:       	White=5     	Black=2      Inaccurate:     	White=3     	Black=1      OK:         	White=9     	Black=20     Best:        	White=2     	Black=1      Strong:       	---       	Black=1} 0-1

[Event "Israel Open Championship 2023"]
[Site "Acre"]
[Date "2024.01.28"]
[Round "8.13"]
[White "Sherman, Raem"]
[Black "Pevzner, Maks"]
[Result "1-0"]
[ECO "B76"]
[WhiteElo "2295"]
[BlackElo "2072"]
[Annotator "RC"]
[PlyCount "95"]
[EventDate "2024.01.18"]
[EventType "swiss"]
[EventCountry "ISR"]
[SourceTitle "playchess.com"]
[Source "ChessBase"]
[SourceQuality "1"]
[TimeControl "5400+30"]

1. e4 c5 2. Nf3 d6 3. d4 cxd4 4. Nxd4 Nf6 5. Nc3 g6 6. Be3 Bg7 7. f3 O-O 8. Qd2 Nc6 9. O-O-O d5 10. exd5 Nxd5 11. Nxc6 bxc6 12. Bd4 e5 13. Bc5 Be6 14. Ne4 Re8 15. h4 h6 16. h5 g5 17. g4 Qc7 18. Bc4 Nf4 19. Bxe6 Nxe6 20. Qc3 Nd4 21. Kb1 Red8 22. a4 Rd5 23. Rd3 Rad8 24. Bxd4 exd4 25. Qc4 a5 26. Rhd1 Rb8 27. Rb3 Rxb3 28. Qxb3 Rd8 29. Qc4 Rb8 30. b3 Rd8 31. Rd3 Rd5 32. c3 Qh2 33. cxd4 Bxd4 34. Qc2 Qe5 35. Rd2 c5 36. Qc4 Kg7 37. Ng3 Rd7 38. Nf5+ Kf8 39. Qb5 Rd8 40. Qb6 Rb8 41. Qxh6+ Ke8 42. Kc2 Kd7 43. Qa6 Qd5 44. Qc4 Qxc4+ 45. bxc4 Rb4 46. Nxd4 cxd4 47. Rxd4+ Ke7 48. Re4+ 1-0

[Event "Israel Open Championship 2023"]
[Site "Acre"]
[Date "2024.01.28"]
[Round "8.14"]
[White "Orian, Noga"]
[Black "Kupervaser, Erez"]
[Result "1-0"]
[ECO "E73"]
[WhiteElo "2052"]
[BlackElo "2250"]
[Annotator "TA"]
[PlyCount "93"]
[EventDate "2024.01.18"]
[EventType "swiss"]
[EventCountry "ISR"]
[SourceTitle "playchess.com"]
[Source "ChessBase"]
[SourceQuality "1"]
[TimeControl "5400+30"]

1. d4 Nf6 2. c4 g6 3. Nc3 Bg7 4. e4 d6 5. Be2 O-O 6. Be3 Nc6 7. d5 Ne5 8. h3 e6 9. Nf3 Nxf3+ {[%emt 0:00:16] The position is equal.} 10. Bxf3 Nd7 11. Qd2 Nc5 12. O-O a5 13. Rad1 e5 14. Bxc5 dxc5 15. d6 Be6 16. Be2 (16. b3 {simplifies} cxd6 17. Qxd6 Qxd6 18. Rxd6 h5 19. Rb6) 16... cxd6 17. Qxd6 Qg5 {[%emt 0:00:51] Black is weak on the light squares} 18. Kh1 (18. Qxc5 Bxh3 19. Bf3 Rfc8 $15) 18... Rac8 19. Nd5 Bxd5 20. cxd5 Qh4 21. Bg4 Rcd8 {[%emt 0:00:10] White now steadily converts the win.} (21... Qd8 $14 22. Qxd8 Rcxd8) 22. Qxc5 $16 h5 23. g3 $36 {[%emt 0:02:43][%mdl 2048] White is on the roll.} Qg5 24. Bf3 {[%emt 0:05:56] White is more active.} h4 25. Qc1 Qe7 26. Qd2 Rd6 27. Rc1 Kh7 ({Black should try} 27... Rb6 28. a3 (28. Qxa5 Rxb2 29. Rb1 Rxb1 $14) 28... hxg3) 28. Qxa5 hxg3 29. fxg3 Ra6 30. Qc7 Qg5 (30... Qb4 $16) 31. Kg2 $18 Rxa2 32. Rc2 (32. Qxb7 $2 Qd2+ 33. Kh1 Rxb2 $19 (33... Qxb2 34. Qxb2 Rxb2 35. d6 $16) (33... Qxb2 34. Qxb2 Rxb2 35. d6 $16)) 32... f5 (32... Qe3 $142 33. Qxb7 Bf6) 33. h4 (33. Qxb7 fxe4 34. Be2 Rxf1 35. Bxf1 Qe3 $16) 33... Qe3 34. h5 (34. Qxb7 $2 fxe4 35. Rc7 exf3+ $19) 34... fxe4 $2 (34... gxh5 35. exf5 (35. Qxb7 $2 {too greedy.} fxe4 36. Be2 Rxf1 $19) 35... Ra6) 35. hxg6+ Kg8 36. Bd1 {[%emt 0:02:55] [#] Rxf8+ would kill now.} Rxf1 37. Kxf1 Qd3+ 38. Be2 Ra1+ 39. Kg2 Rg1+ 40. Kxg1 {[%emt 0:00:07] [#] White wants to mate with Qf7+.} Qxg3+ 41. Kf1 {[%emt 0:01:09] Threatening mate with Qf7+.} Qf4+ 42. Ke1 {[%emt 0:00:00] White mates.} Qg3+ 43. Kd1 Qg1+ 44. Kd2 Bh6+ 45. Kc3 Qe3+ 46. Kb4 Bf8+ 47. d6 {[%emt 0:00:00] Weighted Error Value: White=0.09 (flawless) /Black=0.35.  Mistake:       	---       	Black=5      Inaccurate:     	White=1     	Black=2      OK:         	White=11    	Black=11     Best:        	White=1     	---} 1-0

[Event "Israel Open Championship 2023"]
[Site "Acre"]
[Date "2024.01.28"]
[Round "8.15"]
[White "Shilon Rahav, Eliran"]
[Black "Krayz, Alexander"]
[Result "0-1"]
[ECO "C01"]
[WhiteElo "2004"]
[BlackElo "2327"]
[Annotator "TA"]
[PlyCount "116"]
[EventDate "2024.01.18"]
[EventType "swiss"]
[EventCountry "ISR"]
[SourceTitle "playchess.com"]
[Source "ChessBase"]
[SourceQuality "1"]
[TimeControl "5400+30"]

1. e4 e6 2. d4 d5 3. exd5 exd5 4. Bd3 Bd6 5. Nf3 Ne7 6. O-O O-O 7. Re1 Bf5 8. Nc3 c6 9. Bg5 {[%emt 0:04:56] [#] Bxf5 is the strong threat.} Bxd3 10. Qxd3 Na6 11. Re2 {[%emt 0:06:52] The position is equal.} f6 12. Bh4 Ng6 13. Bg3 Qd7 14. Rae1 Nc7 15. Bxd6 Qxd6 16. g3 {[%emt 0:00:27] Wards off Nf4} Qd7 17. h4 Qh3 18. Na4 Rae8 19. Rxe8 Rxe8 20. Rxe8+ Nxe8 21. Qe2 Kf7 22. h5 Ne7 (22... Qxh5 $2 23. Ne5+ $18) 23. Nc5 Nd6 24. Nd3 Qf5 (24... Qxh5 $2 25. Nfe5+ $18) 25. Nc5 b6 26. Nh4 Qh3 27. Nd3 Qe6 28. Kf1 Qe4 29. Nf3 g5 {[%emt 0:05:19] White should prevent ...g4.} 30. hxg6+ hxg6 31. c3 g5 32. a4 {[%emt 0:03:20] White is weak on the light squares} (32. Ke1 $11) 32... a5 (32... g4 $15 33. Ng1 Ke8) 33. Ng1 Nef5 34. g4 Nh4 (34... Ng7 {simplifies} 35. b4 axb4 36. Qxe4 Nxe4 37. cxb4 Ne6) 35. f3 Qh7 36. Nh3 Ng6 $36 {[%emt 0:00:34][%mdl 2048] White is under pressure.} (36... Nc4 {looks sharper.} 37. Kf2 Ng6 38. Kg3 Qh8) 37. Kg2 Qh8 38. b3 Qb8 (38... b5 $15 {feels stronger.}) 39. Kg1 Ne4 40. fxe4 $2 (40. Ne5+ $11 Nxe5 (40... fxe5 41. fxe4 exd4 42. Qf3+ Kg7 43. cxd4 $11) 41. fxe4) 40... Qg3+ $17 41. Kf1 {[%emt 0:04:08] [#] Nhf2 would now be deadly.} Qxh3+ {[%emt 0:01:02][%mdl 4096] Endgame. KQN-KQN} 42. Ke1 $2 {[%emt 0:01:24][%mdl 8192] Now White is beyond hope.} (42. Kf2 $17) 42... Nf4 $19 43. Nxf4 Qxc3+ 44. Kf1 gxf4 45. exd5 cxd5 {[%emt 0:00:00] Strongly threatening ...Qh3+. KQ-KQ} ({And not} 45... Qxb3 46. Qe6+ (46. dxc6 Qh3+ 47. Qg2 Qd3+ 48. Qe2 Qh3+ 49. Qg2 Qd3+ 50. Qe2 Qh3+ $11) 46... Kg7 47. Qe7+ Kg8 48. Qe4 $11 (48. dxc6 Qc4+ 49. Kf2 Qxc6 $11)) 46. Qb5 Qf3+ 47. Ke1 Qxg4 {[%emt 0:00:00] Hoping for ...f3.} 48. Qxb6 Qg1+ 49. Kd2 Qe3+ 50. Kc2 Qe4+ 51. Kc3 {[%emt 0:00:00] Black mates.} f3 52. Qc7+ Kg6 53. Qg3+ Kf5 54. Qh3+ Qg4 55. Qh7+ Kf4 56. Qc7+ Ke3 57. Qe7+ Qe4 58. Qxf6 Qd3+ {[%emt 0:00:38] Weighted Error Value: White=0.32/Black=0.06 (flawless) .  Loses game:     	White=1     	---        Mistake:       	White=2     	Black=2      Inaccurate:     	White=3     	Black=1      OK:         	White=17    	Black=6      Best:        	White=2     	Black=2} 0-1

[Event "Israel Open Championship 2023"]
[Site "Acre"]
[Date "2024.01.28"]
[Round "8.16"]
[White "Sitbon, Itay"]
[Black "Menahem, Adi"]
[Result "1-0"]
[ECO "A35"]
[WhiteElo "2213"]
[BlackElo "2062"]
[Annotator "RC"]
[PlyCount "81"]
[EventDate "2024.01.18"]
[EventType "swiss"]
[EventCountry "ISR"]
[SourceTitle "playchess.com"]
[Source "ChessBase"]
[SourceQuality "1"]
[TimeControl "5400+30"]

1. c4 c5 2. Nf3 Nc6 3. e3 e5 4. Nc3 f5 5. d4 e4 6. d5 exf3 7. dxc6 dxc6 8. Qxf3 Nf6 9. Be2 Bd6 10. e4 fxe4 11. Nxe4 Nxe4 12. Qxe4+ Qe7 13. Qxe7+ Bxe7 14. Be3 O-O 15. h3 Bf5 16. O-O-O Rad8 17. Bg4 Bxg4 18. hxg4 b6 19. Rxd8 Rxd8 20. Rd1 Kf7 21. Rxd8 Bxd8 22. Kc2 Bc7 23. Kd3 Kf6 24. Ke4 g5 25. Bd2 a6 26. Bc3+ Ke6 27. g3 Bd6 28. Bg7 b5 29. b3 Be7 30. f4 b4 31. Bh6 gxf4 32. gxf4 Bd6 33. f5+ Kf6 34. Bf4 Bf8 35. g5+ Kf7 36. Ke5 Be7 37. Bd2 Bf8 38. Be3 Be7 39. g6+ hxg6 40. fxg6+ Kxg6 41. Ke6 1-0

[Event "Israel Open Championship 2023"]
[Site "Acre"]
[Date "2024.01.28"]
[Round "8.17"]
[White "Kinberg, Ofer"]
[Black "Gavriely, Or"]
[Result "0-1"]
[ECO "A11"]
[WhiteElo "1927"]
[BlackElo "2106"]
[Annotator "RC"]
[PlyCount "50"]
[EventDate "2024.01.18"]
[EventType "swiss"]
[EventCountry "ISR"]
[SourceTitle "playchess.com"]
[Source "ChessBase"]
[SourceQuality "1"]
[TimeControl "5400+30"]

1. c4 c6 2. Nf3 Nf6 3. g3 g6 4. Bg2 Bg7 5. O-O O-O 6. b3 d5 7. Bb2 Bg4 8. h3 Bxf3 9. Bxf3 Nbd7 10. cxd5 cxd5 11. d4 Rc8 12. Na3 Ne4 13. Rc1 Ndf6 14. Qd3 Qa5 15. Bg2 a6 16. Rc2 b5 17. Ra1 e6 18. Rxc8 Rxc8 19. Nc2 Bf8 20. a3 Qd2 21. Qxd2 Nxd2 22. Nb4 Nxb3 23. Rd1 Bxb4 24. axb4 Rc2 25. Ba3 Ra2 0-1

[Event "Israel Open Championship 2023"]
[Site "Acre"]
[Date "2024.01.28"]
[Round "8.18"]
[White "Slobodiansky, Steven"]
[Black "Zakin, Ilay"]
[Result "1-0"]
[ECO "E67"]
[WhiteElo "2273"]
[BlackElo "2009"]
[Annotator "RC"]
[PlyCount "139"]
[EventDate "2024.01.18"]
[EventType "swiss"]
[EventCountry "ISR"]
[SourceTitle "playchess.com"]
[Source "ChessBase"]
[SourceQuality "1"]
[TimeControl "5400+30"]

1. b3 g6 2. Bb2 Nf6 3. Nf3 Bg7 4. g3 O-O 5. Bg2 d6 6. d4 Nbd7 7. O-O Re8 8. c4 c6 9. Nc3 e5 10. e3 e4 11. Nd2 d5 12. cxd5 cxd5 13. f3 exf3 14. Qxf3 Nb6 15. e4 dxe4 16. Ncxe4 Bf5 17. Nxf6+ Bxf6 18. Qf2 Rc8 19. Rac1 Rxc1 20. Rxc1 Qe7 21. Nf3 Qe2 22. Ne5 Qxf2+ 23. Kxf2 Rd8 24. Ke2 Nd7 25. g4 Be6 26. h3 Nxe5 27. dxe5 Bg5 28. Rc2 b6 29. Ba3 Bf4 30. Bd6 Re8 31. Kf3 g5 32. Rc7 Bd5+ 33. Kf2 Bxg2 34. Kxg2 a5 35. Re7 Rc8 36. Kf3 b5 37. Ke4 Kg7 38. Kf5 h6 39. Ra7 a4 40. bxa4 bxa4 41. Be7 Be3 42. Bf6+ Kg8 43. Rxa4 Rb8 44. Ra6 Kh7 45. a4 Rb4 46. e6 Rf4+ 47. Ke5 Bd4+ 48. Kd5 fxe6+ 49. Rxe6 Bxf6 50. a5 Kg7 51. a6 Ra4 52. Kc5 Bd4+ 53. Kb5 Ra2 54. Rd6 Bf2 55. Rc6 Ra3 56. Rc7+ Kf6 57. Rc6+ Ke5 58. Rxh6 Kd5 59. Rf6 Rb3+ 60. Ka4 Rb2 61. Ka3 Re2 62. Kb3 Bc5 63. Rg6 Re3+ 64. Kc2 Re5 65. Rg7 Kc4 66. a7 Re2+ 67. Kd1 Ra2 68. Rxg5 Rxa7 69. Ke2 Bd4 70. h4 1-0

[Event "Israel Open Championship 2023"]
[Site "Acre"]
[Date "2024.01.28"]
[Round "8.19"]
[White "Taieb, Ariel"]
[Black "Vagman, Roy"]
[Result "0-1"]
[ECO "B11"]
[WhiteElo "1986"]
[BlackElo "2302"]
[Annotator "TA"]
[PlyCount "62"]
[EventDate "2024.01.18"]
[EventType "swiss"]
[EventCountry "ISR"]
[SourceTitle "playchess.com"]
[Source "ChessBase"]
[SourceQuality "1"]
[TimeControl "5400+30"]

1. e4 c6 2. Nc3 d5 3. Nf3 Bg4 4. Be2 e6 5. d4 Be7 6. Ne5 Bxe2 7. Qxe2 dxe4 8. Qg4 {[%emt 0:08:16] The position is equal.} g6 9. Qxe4 Nf6 10. Qd3 Nbd7 11. Bg5 ({White should play} 11. Nf3 $11) 11... Nd5 ({Black should try} 11... Nxe5 $15 12. dxe5 Qxd3 13. cxd3 Ng4 14. Bxe7 Kxe7) 12. Bxe7 $11 Qxe7 13. Ne4 f5 {[%emt 0:04:54] Hoping for ...Nxe5.} 14. Nd2 $1 (14. Nxd7 $2 fxe4 15. Qxe4 Qxd7 $19 (15... Kxd7 $2 16. O-O $19)) 14... Nxe5 15. dxe5 Rd8 16. O-O-O O-O 17. h4 (17. Qg3 $11) 17... Qc5 $15 18. Kb1 (18. h5 $15) 18... Qxf2 $19 19. Nc4 {[%emt 0:07:48] [#] Against Ne3} (19. Qf3 {keeps fighting.} Qxf3 20. Nxf3) 19... b5 (19... Qxg2 20. Nd6 Qf2 21. h5) (19... Nb4 $1 $19 {and Black stays clearly on top.} 20. Qb3 Rxd1+ 21. Rxd1 Nd5) 20. Na5 $2 (20. Nd6 $17) 20... Qb6 (20... Qxg2 21. Rhg1 Qe4 22. Qxe4 fxe4 23. Nxc6 $19) (20... Ne3 $142 21. Qxd8 Qxc2+ (21... Nxg2 $2 22. Qe7 $18) 22. Ka1 Rxd8 23. Rxd8+ Kg7) 21. Qa3 h5 $2 (21... c5 $19 {is more deadly. ...f4 is the strong threat.} 22. h5 gxh5 23. Qg3+ Kh8) 22. c4 $17 {[%emt 0:00:00] [#]} bxc4 (22... Ne3 23. c5 Rxd1+ 24. Rxd1 $18) 23. Nxc4 Qf2 $36 {[%emt 0:00:02][%mdl 2048] Black is on the roll.} 24. Nd6 (24. Ka1 $142) 24... Rb8 (24... Qxg2 25. Rdg1 Qf2 26. Rxg6+ Kh7 27. Rg5 $11 (27. Rxe6 Rg8 $17)) 25. Rc1 Rb6 (25... Qxg2 26. Rhg1 (26. Qxa7 $2 Qxb2#) 26... Qe2 27. Rxg6+ (27. Qxa7 $2 Qxb2#) 27... Kh7 28. Qxa7+ (28. Rxe6 a5 $14) 28... Kxg6 29. Rg1+ $11) ({Better is} 25... c5 $19 26. Rc2 Qf4) 26. Nc4 Rb4 27. Rc2 Qd4 {[%emt 0:01:00] Black has more active pieces.} 28. Na5 (28. Rhc1 $15) 28... Qe4 $2 (28... Qxe5 $2 29. Nxc6 (29. Rxc6 $2 {is the wrong capture.} Qe4+ 30. Ka1 Ra4 $19) 29... Qe4 30. Qg3 $19 (30. Nxb4 $2 Nxb4 31. Qc3 Qxc2+ 32. Qxc2 Nxc2 $19)) (28... Ne3 29. Re2 f4 (29... Qe4+ $2 30. Ka1 $19)) 29. Rhc1 (29. Qf3 {is tougher.}) 29... Ne3 $19 ({Not} 29... Qxh4 30. Nxc6 Qe4 31. Ka1 $17 (31. Nxb4 $2 Nxb4 32. Qxa7 Nxc2 $19)) 30. Nxc6 (30. Qc3 $142) 30... Nxc2 31. Rxc2 Rc4 {[%emt 0:00:13] Weighted Error Value: White=0.98/Black=0.46.  Loses game:     	White=2     	---        Missed win:     	---       	Black=1      Mistake:       	White=7     	Black=5      Inaccurate:     	White=1     	---        OK:         	White=5     	Black=10     Best:        	White=3     	Black=2      Strong:       	White=1     	---} 0-1

[Event "Israel Open Championship 2023"]
[Site "Acre"]
[Date "2024.01.28"]
[Round "8.20"]
[White "Bykhovsky, Avigdor"]
[Black "Mondri, Nadav"]
[Result "1-0"]
[ECO "D37"]
[WhiteElo "2349"]
[BlackElo "1823"]
[Annotator "RC"]
[PlyCount "53"]
[EventDate "2024.01.18"]
[EventType "swiss"]
[EventCountry "ISR"]
[SourceTitle "playchess.com"]
[Source "ChessBase"]
[SourceQuality "1"]
[TimeControl "5400+30"]

1. d4 Nf6 2. c4 e6 3. Nf3 Bb4+ 4. Bd2 Be7 5. Nc3 d5 6. Bf4 O-O 7. e3 c5 8. dxc5 Bxc5 9. a3 b6 10. cxd5 Nxd5 11. Nxd5 Qxd5 12. Qxd5 exd5 13. Rd1 Bb7 14. Be2 Nd7 15. O-O Nf6 16. Rc1 Rac8 17. Nd4 a5 18. Nb3 Be7 19. Bb5 Bc5 20. Rfd1 h6 21. a4 Bc6 22. Nxc5 Bxb5 23. axb5 Rxc5 24. Rxc5 bxc5 25. b6 g5 26. Bc7 Ne8 27. Rxd5 1-0

[Event "Israel Open Championship 2023"]
[Site "Acre"]
[Date "2024.01.28"]
[Round "8.21"]
[White "Ribstein, Orel"]
[Black "Iliaguev, Kafar"]
[Result "1-0"]
[ECO "E16"]
[WhiteElo "2043"]
[BlackElo "2291"]
[Annotator "RC"]
[PlyCount "94"]
[EventDate "2024.01.18"]
[EventType "swiss"]
[EventCountry "ISR"]
[SourceTitle "playchess.com"]
[Source "ChessBase"]
[SourceQuality "1"]
[TimeControl "5400+30"]

1. d4 e6 2. c4 Bb4+ 3. Nd2 Nf6 4. Ngf3 O-O 5. g3 b6 6. Bg2 Bb7 7. O-O d5 8. cxd5 exd5 9. Qb3 Bd6 10. Nb1 Ne4 11. Nfd2 Nf6 12. Nc3 Nc6 13. Nf3 Na5 14. Qc2 a6 15. Rd1 Re8 16. Nh4 g6 17. Bg5 Be7 18. Rac1 h6 19. Bxf6 Bxf6 20. Nxg6 fxg6 21. Qxg6+ Bg7 22. Nxd5 Rc8 23. Nxc7 Rxe2 24. Bxb7 Rxc7 25. Qxb6 Qf8 26. Bd5+ Kh8 27. f3 Rxc1 28. Rxc1 Qe8 29. Be4 Rxe4 30. fxe4 Qxe4 31. Rc8+ Kh7 32. Qxa5 Bxd4+ 33. Kf1 Qh1+ 34. Ke2 Qxh2+ 35. Kd3 Qxg3+ 36. Kc4 Qg4 37. Rc7+ Kh8 38. Kb3 Qe6+ 39. Rc4 Qe3+ 40. Ka4 Qe8+ 41. Ka3 Qe7+ 42. Qb4 Qe3+ 43. b3 Bg7 44. Rc8+ Kh7 45. Qc5 Qxc5+ 46. Rxc5 Bf8 47. b4 Bg7 1-0

[Event "Israel Open Championship 2023"]
[Site "Acre"]
[Date "2024.01.28"]
[Round "8.22"]
[White "Dezent, Eyal"]
[Black "Gluhovsky, Mark"]
[Result "0-1"]
[ECO "B31"]
[WhiteElo "1947"]
[BlackElo "2235"]
[Annotator "TA"]
[PlyCount "98"]
[EventDate "2024.01.18"]
[EventType "swiss"]
[EventCountry "ISR"]
[SourceTitle "playchess.com"]
[Source "ChessBase"]
[SourceQuality "1"]
[TimeControl "5400+30"]

1. e4 c5 2. Nf3 Nc6 3. Bb5 g6 4. Bxc6 dxc6 5. d3 Bg7 6. h3 Qc7 7. O-O b6 8. a4 a5 {[%emt 0:01:15] [#] White has an edge.} 9. e5 $1 Nh6 10. Bf4 Nf5 11. c3 h5 12. Qd2 Be6 13. Ng5 Qd7 14. Nxe6 Qxe6 15. Na3 O-O 16. Rfe1 Rfd8 17. Nc4 Rab8 (17... b5 $11 18. axb5 cxb5 19. Nxa5 Qd5) 18. Kh2 Rb7 19. Rad1 (19. Qc2 $14) 19... Rbd7 (19... b5 $1 $11 20. Na3 (20. Nxa5 Ra7 $15) 20... Qb3 (20... bxa4 21. Nc4 $16)) 20. Qe2 (20. Nxb6 $2 Rxd3 21. Qxd3 Rxd3 22. Rxd3 Qb3 23. Rd8+ Kh7 $19) 20... b5 21. Na3 (21. Nxa5 Ra8 22. b4 cxb4 (22... bxa4 23. Nc4 $14) 23. cxb4 bxa4) 21... c4 (21... Qb3 $11) 22. d4 $36 {[%emt 0:02:48][%mdl 2048] White has the initiative.} Rb7 23. g4 hxg4 24. hxg4 Bh6 25. Qe4 Bxf4+ 26. Qxf4 Ng7 27. Kg3 b4 {[%emt 0:01:05] [#]} (27... bxa4 $14 28. Qh6 g5 (28... Rxb2 $2 {is the wrong capture.} 29. Rh1 $18) 29. Qxe6 (29. Qxg5 Rxb2 30. Rh1 Qg6 $11) 29... Nxe6) 28. Nc2 ({White has to play} 28. Nb1 $1 $16) 28... bxc3 $11 29. bxc3 {[%emt 0:00:01] Threatening Ne3.} Rb3 30. Re3 {[%emt 0:02:20] aiming for Rh1.} Rb2 ({But not} 30... c5 $6 31. Rh1 g5 32. Qxg5 $16) ({Black should try} 30... f5 $1 $14) 31. Ne1 $18 f5 {[%emt 0:03:54] Threatens to win with ...fxg4.} 32. exf6 Qxf6 33. Qxf6 ({White should play} 33. Nf3 $16) 33... exf6 $11 34. Nf3 Kf7 35. Rd2 ({Better is} 35. Nd2 $14) 35... Rdb8 36. Kg2 (36. Rd1 $11 {remains equal.}) 36... Ne6 $17 {[%emt 0:00:18] White must now prevent ...g5.} 37. Ree2 $2 (37. Re4 $17) 37... Nf4+ $19 38. Kf1 Nxe2 39. Rxe2 Rxe2 40. Kxe2 {[%emt 0:00:00][%mdl 4096] Endgame. KR-KN} Rb3 41. Kd2 Rb2+ 42. Kc1 Rxf2 43. Nd2 f5 44. gxf5 g5 {[%emt 0:00:00][%cal Of2d2] ...Rxd2! is the strong threat.} 45. Nxc4 Kf6 46. Nd6 Ra2 47. Kb1 Re2 48. Kc1 g4 49. Kd1 Re7 {[%emt 0:00:00] Weighted Error Value: White=0.78/Black=0.15 (very precise) .  Loses game:     	White=1     	---        Mistake:       	White=5     	Black=5      Inaccurate:     	White=3     	Black=3      OK:         	White=10    	Black=10     Best:        	White=4     	Black=5} 0-1

[Event "Israel Open Championship 2023"]
[Site "Acre"]
[Date "2024.01.28"]
[Round "8.23"]
[White "Bodenshtein, Yair"]
[Black "Gov, Guy"]
[Result "0-1"]
[ECO "C68"]
[WhiteElo "1843"]
[BlackElo "2127"]
[Annotator "RC"]
[PlyCount "82"]
[EventDate "2024.01.18"]
[EventType "swiss"]
[EventCountry "ISR"]
[SourceTitle "playchess.com"]
[Source "ChessBase"]
[SourceQuality "1"]
[TimeControl "5400+30"]

1. e4 e5 2. Nf3 Nc6 3. Bb5 a6 4. Bxc6 dxc6 5. O-O Bg4 6. h3 Bh5 7. g4 Bg6 8. Nxe5 Qh4 9. Qf3 f6 10. Nxg6 hxg6 11. Kg2 g5 12. d3 Ne7 13. Rh1 Qh7 14. Kf1 Qg8 15. Be3 Ng6 16. Nd2 Bd6 17. Nc4 Bf4 18. Bxf4 Nxf4 19. Ne3 O-O-O 20. b4 Rh7 21. Ng2 Ne6 22. a4 Nd4 23. Qd1 Qh8 24. h4 gxh4 25. Rh3 Qe8 26. c3 Ne6 27. f4 c5 28. Kg1 cxb4 29. cxb4 g5 30. f5 Nd4 31. Kh1 Qe5 32. Rc1 Qg3 33. Rxg3 hxg3+ 34. Kg1 Rdh8 35. Ne3 Rh1+ 36. Kg2 R1h2+ 37. Kg1 Ne2+ 38. Kf1 Rf2+ 39. Ke1 Nc3 40. Qf3 Rxf3 41. Rxc3 Rf2 0-1

[Event "Israel Open Championship 2023"]
[Site "Acre"]
[Date "2024.01.28"]
[Round "8.24"]
[White "Uritsky, Yonathan"]
[Black "Cohen, Avi"]
[Result "1-0"]
[ECO "A12"]
[WhiteElo "2097"]
[BlackElo "1817"]
[Annotator "RC"]
[PlyCount "77"]
[EventDate "2024.01.18"]
[EventType "swiss"]
[EventCountry "ISR"]
[SourceTitle "playchess.com"]
[Source "ChessBase"]
[SourceQuality "1"]
[TimeControl "5400+30"]

1. Nf3 d5 2. g3 Nf6 3. Bg2 Bf5 4. O-O e6 5. c4 c6 6. b3 h6 7. Bb2 Be7 8. d3 O-O 9. Nbd2 Nbd7 10. a3 a5 11. Ra2 Qb6 12. Qa1 Rfd8 13. Rb1 Bc5 14. Bd4 e5 15. Bxc5 Qxc5 16. cxd5 cxd5 17. Nxe5 Nxe5 18. Qxe5 Qxf2+ 19. Kxf2 Ng4+ 20. Kf3 Nxe5+ 21. Kf4 Bg6 22. Kxe5 Re8+ 23. Kd4 Rxe2 24. Bf3 Rxh2 25. Rh1 Rxh1 26. Bxh1 Re8 27. Bxd5 Re1 28. Nf3 Rf1 29. Ne5 Kh7 30. Bxb7 h5 31. Rh2 f5 32. Bf3 Rg1 33. Bxh5 Bxh5 34. Rxh5+ Kg8 35. Rxf5 Rxg3 36. b4 axb4 37. axb4 Rg1 38. b5 Rb1 39. Nc4 1-0